 Dungeon Crawl Stone Soup version 0.29.0-7-g18a832c13a (webtiles) character file.

Game seed: 18403404519352280098

567097 greasedhog the Marksgnoll (level 26, -2/191 HPs)
             Began as a Gnoll Hunter on Aug 30, 2022.
             Was the Champion of Okawaru.
             Killed from afar by an orb of fire (20 damage)
             ... with a fireball
             ... on level 2 of the Realm of Zot.
             The game lasted 02:27:32 (68896 turns).

greasedhog the Marksgnoll (Gnoll Hunter)           Turns: 68896, Time: 02:27:32

Health: -2/191     AC: 23    Str: 11    XL:     26   Next: 22%
Magic:  13/16      EV: 35    Int:  7    God:    Okawaru [******]
Gold:   4074       SH: 23    Dex: 34    Spells: 47/61 levels left

rFire   + + +      SeeInvis .   e - +0 hand axe (antimagic)
rCold   + . .      Faith    .   q - +3 buckler {rPois}
rNeg    + . .      Spirit   .   P - +4 troll leather armour
rPois   +          Reflect  +   p - +2 hat "Inkiod" {rF+ Dex+7 Slay+3}
rElec   +          Harm     .   S - +4 dragonskin cloak
rCorr   .          Rampage  .   r - +1 pair of gloves of the Invisible Hand {rElec rN+ Stlth+}
Will    +....      Rage     3%  N - +2 pair of boots {Stlth+}
Stlth   ++++++++++              M - amulet of reflection
HPRegen 0.00/turn               Q - ring of Makhleb's Generosity {rF++ Slay+4}
MPRegen 0.15/turn               Y - ring of the Zebra {rC+ MP+9 Int-2 Dex+4}

@: mighty, swift, on berserk cooldown, inhibited regen, slowed, slow
A: fangs 1, strong nose, distributed training, large bone plates 1, berserk 1,
clumsy 1, deformed body, deterioration 1, dopey 1, frail 1, low MP 1, screaming
1, inhibited regeneration
}: 4/15 runes: barnacled, silver, abyssal, gossamer
a: Renounce Religion, Heroism, Finesse, Duel


You were on level 2 of the Realm of Zot.
You worshipped Okawaru.
Okawaru was exalted by your worship.
You visited 9 branches of the dungeon, and saw 43 of its levels.
You visited the Abyss 2 times.
You visited 1 bazaar.
You also visited: Ice Cave and Volcano.

You collected 6987 gold pieces.
You spent 2913 gold pieces at shops.

Inventory:

Hand Weapons
 a - a +9 vorpal hand crossbow
 b - a +4 dire flail of holy wrath
 e - a +0 antimagic hand axe (weapon)
 O - a +2 vorpal double sword
Missiles
 h - 15 silver javelins
Armour
 p - the +2 hat "Inkiod" (worn) {rF+ Dex+7 Slay+3}
   (Okawaru gifted it to you on level 3 of the Lair of Beasts)

   Dex:       It affects your dexterity (+7).
   Slay:      It affects your accuracy & damage with ranged weapons and melee
   (+3).
   rF:        It protects you from fire.
 q - a +3 buckler of poison resistance (worn)
 r - the +1 pair of gloves of the Invisible Hand (worn) {rElec rN+ Stlth+}
   (Okawaru gifted it to you on level 2 of the Depths)

   rElec:     It insulates you from electricity.
   rN:        It protects you from negative energy.
   Stlth:     It makes you more stealthy.
 N - a +2 pair of boots of stealth (worn)
 P - a +4 troll leather armour (worn)
 S - the +4 dragonskin cloak (worn)
   (You took it off Tiamat on level 1 of the Realm of Zot)

   It grants the wearer a chance to resist fire, cold, poison, electricity,
   acid, and negative energy.
Jewellery
 G - a ring of willpower
 L - a ring of flight
 M - an amulet of reflection (around neck)
 Q - the ring of Makhleb's Generosity (left hand) {rF++ Slay+4}
   (You bought it in a shop on level 11 of the Dungeon)

   [ring of slaying]

   Slay:      It affects your accuracy & damage with ranged weapons and melee
   (+4).
   rF:        It greatly protects you from fire.
 Y - the ring of the Zebra (right hand) {rC+ MP+9 Int-2 Dex+4}
   (You took it off a reaper in an ice cave)

   [ring of protection from cold]

   Int:       It affects your intelligence (-2).
   Dex:       It affects your dexterity (+4).
   rC:        It protects you from cold.
   MP:        It affects your magic capacity (+9).
Wands
 d - a wand of mindburst (21)
 j - a wand of iceblast (28)
 v - a wand of flame (92)
 y - a wand of paralysis (45)
 F - a wand of digging (12)
 R - a wand of quicksilver (13)
 T - a wand of polymorph (10)
Scrolls
 f - 5 scrolls of silence
 z - 11 scrolls of amnesia
 A - 31 scrolls of teleportation
 B - 4 scrolls of magic mapping
 C - 16 scrolls of fog
 I - 4 scrolls of poison
 J - a scroll of enchant weapon
 U - 9 scrolls of immolation
 V - 4 scrolls of fear
 W - 3 scrolls of brand weapon
 X - 3 scrolls of blinking
Potions
 c - 9 potions of magic
 g - 4 potions of brilliance
 k - 8 potions of mutation
 l - 7 potions of ambrosia
 m - 3 potions of resistance
 n - 6 potions of berserk rage
 o - 2 potions of heal wounds
 s - 10 potions of curing
 t - 7 potions of attraction
 u - 11 potions of might
 w - 8 potions of haste
 x - 3 potions of invisibility
 D - 11 potions of cancellation
 E - 9 potions of flight
 H - 9 potions of lignification
Miscellaneous
 i - a lightning rod (1/4)
 K - a condenser vane (inert)


   Skills:
 + Level 18.6 Fighting
 + Level 18.1 Short Blades
 + Level 18.1 Long Blades
 + Level 18.1 Axes
 + Level 18.1 Maces & Flails
 + Level 18.1 Polearms
 + Level 18.1 Staves
 + Level 19.6 Ranged Weapons
 + Level 18.1 Throwing
 + Level 18.1 Armour
 + Level 18.6 Dodging
 + Level 18.2 Stealth
 + Level 18.1 Shields
 + Level 18.1 Unarmed Combat
 + Level 18.1 Spellcasting
 + Level 15.4 Conjurations
 + Level 15.4 Hexes
 + Level 15.4 Summonings
 + Level 15.4 Necromancy
 + Level 15.4 Translocations
 + Level 15.4 Transmutations
 + Level 15.4 Fire Magic
 + Level 15.4 Ice Magic
 + Level 15.4 Air Magic
 + Level 15.4 Earth Magic
 + Level 15.4 Poison Magic
 + Level 19.5 Invocations
 + Level 18.1 Evocations


You had 47 spell levels left.
You knew the following spells:

 Your Spells              Type           Power      Damage    Failure   Level
a - Portal Projectile     Hex/Tloc       54%        N/A       1%          3
b - Swiftness             Air            27%        N/A       1%          3
c - Blink                 Tloc           54%        N/A       1%          2
d - Passwall              Tmut/Erth      22%        N/A       1%          2
e - Leda's Liquefaction   Hex/Erth       13%        N/A       1%          4

Your spell library contained the following spells:

 Spells                   Type           Power      Damage    Failure   Level
 Foxfire                  Conj/Fire      100%       2x1d9     1%          1
 Magic Dart               Conj           100%       1d8       1%          1
 Slow                     Hex            100%       N/A       1%          1
 Ensorcelled Hibernation  Hex/Ice        54%        N/A       1%          2
 Static Discharge         Conj/Air       27%        3-7/arc   1%          2
 Sublimation of Blood     Necr           27%        N/A       1%          2
 Wereblood                Tmut           27%        N/A       1%          2
 Confusing Touch          Hex            27%        N/A       1%          3
 Conjure Flame            Conj/Fire      27%        6-21      1%          3
 Inner Flame              Hex/Fire       27%        N/A       1%          3
 Lesser Beckoning         Tloc           27%        N/A       1%          3
 Mephitic Cloud           Conj/Pois/Air  27%        N/A       1%          3
 Spider Form              Tmut/Pois      27%        N/A       1%          3
 Stone Arrow              Conj/Erth      54%        3d10      1%          3
 Vampiric Draining        Necr           27%        2d7       1%          3
 Anguish                  Hex/Necr       13%        N/A       1%          4
 Cause Fear               Hex            13%        N/A       1%          4
 Corpse Rot               Necr/Pois/Air  27%        N/A       1%          4
 Dispel Undead            Necr           27%        3d13      1%          4
 Flame Wave               Conj/Fire      27%        2d9       1%          4
 Fulminant Prism          Conj/Hex       13%        3d9       1%          4
 Hailstorm                Conj/Ice       27%        3d7       1%          4
 Ice Form                 Ice/Tmut       27%        N/A       1%          4
 Iskenderun's Mystic Bla  Conj/Tloc      27%        2d7       1%          4
 Passage of Golubria      Tloc           27%        N/A       1%          4
 Sticky Flame             Conj/Fire      27%        2d5       1%          4
 Iskenderun's Battlesphe  Conj           27%        2d8       1%          5
 Lee's Rapid Deconstruct  Erth           13%        3d10*     1%          5
 Lightning Bolt           Conj/Air       13%        1d27      1%          5
 Manifold Assault         Tloc           27%        N/A       1%          5
 Silence                  Hex/Air        13%        N/A       1%          5
 Yara's Violent Unravell  Hex/Tmut       13%        3d7       1%          5
 Conjure Ball Lightning   Conj/Air       13%        3x3d6     2%          6
 Iron Shot                Conj/Erth      13%        9d3       2%          6
 Enfeeble                 Hex            13%        N/A       14%         7
 Discord                  Hex            13%        N/A       75%         8
 Disjunction              Tloc           13%        N/A       75%         8
 Ignition                 Fire           13%        3d6       75%         8
 Lehudib's Crystal Spear  Conj/Erth      13%        10d5      75%         8
 Maxwell's Capacitive Co  Air            13%        ∞         75%         8
 Chain Lightning          Conj/Air       13%        3d18      100%        9
 Fire Storm               Conj/Fire      13%        8d4       100%        9
 Call Imp                 Summ           Unusable   N/A       N/A         2
 Call Canine Familiar     Summ           Unusable   N/A       N/A         3
 Animate Armour           Summ/Erth      Unusable   N/A       N/A         4
 Death Channel            Necr           Unusable   N/A       N/A         6
 Simulacrum               Ice/Necr       Unusable   N/A       N/A         6
 Spellforged Servitor     Conj/Summ      Unusable   N/A       N/A         7
 Summon Hydra             Summ           Unusable   N/A       N/A         7

Dungeon Overview and Level Annotations

Branches:
Dungeon (15/15)            Temple (1/1) D:5            Lair (5/5) D:9
 Shoals (4/4) Lair:3       Spider (4/4) Lair:2        Slime (0/5) Lair:4
    Orc (2/2) D:12            Elf (0/3) Orc:2        Vaults (5/5) D:14
  Crypt (0/3) Vaults:3     Depths (4/4) D:15            Zot (3/5) Depths:4
  IceCv (visited)         Volcano (visited)

Altars:
Cheibriados
Dithmenos
Elyvilon
Makhleb
Okawaru
Qazlal
Sif Muna
Uskayaw
Vehumet
Wu Jian
Xom
Yredelemnul
The Shining One
Jiyva

Shops:
D:4 :   D:11 :?=(   D:12 [!   Orc:1 =   Orc:2 **([   Vaults:2 :   Vaults:3 *(
Depths:4 :

Portals:
Hell: Depths:1 Depths:2 Depths:3 Depths:4
Abyss: Depths:3
Pandemonium: Depths:2
Ziggurat: Depths:2

Annotations:
D:3 2 transporters
Vaults:4 1 runed translucent door, Tang's ghost, master DsGl
Depths:2 1 runed translucent door


Innate Abilities, Weirdness & Mutations

You have very sharp teeth.
Your uncanny sense of smell can sniff out nearby items.
Your experience applies equally to all skills.
You are partially covered in large bone plates. (SH +4)
You sometimes lose your temper in combat.
You are clumsy. (Dex -2)
Armour fits poorly on your strangely shaped body.
Your body sometimes deteriorates upon taking damage.
You are dopey. (Int -2)
You are frail. (-10% HP)
Your magical capacity is low. (-10% MP)
You occasionally shout uncontrollably at your foes.
You do not regenerate when monsters are visible.


Message History

The orb of fire's magic leaks into the air.
The orb of fire emits a lurid red light.
The fireball explodes!
The fireball engulfs you! You resist.
* * * LOW HITPOINT WARNING * * *
The fireball engulfs the orb of fire.
The orb of fire completely resists.
The fireball engulfs the orb of fire.
The orb of fire completely resists.
The orb of fire emits a lurid red light.
The bolt of fire hits you! You resist.
* * * LOW HITPOINT WARNING * * *
The orb of fire glows red.
The fireball explodes!
The fireball engulfs you!! You resist.
* * * LOW HITPOINT WARNING * * *
The fireball engulfs the orb of fire.
The orb of fire completely resists.
The fireball engulfs the orb of fire.
The orb of fire completely resists.
You feel much better.
The orb of fire's magic is no longer disrupted. x2
The orb of fire glows bright magenta.
The bolt of fire hits you! You resist.
* * * LOW HITPOINT WARNING * * *
You feel much better.
Your surroundings seem slightly different.
The orb of fire emits a lurid red light.
The fireball explodes!
The fireball engulfs you! You resist.
* * * LOW HITPOINT WARNING * * *
The fireball engulfs the orb of fire.
The orb of fire completely resists.
The orb of fire glows bright magenta.
The bolt of fire hits you! You resist.
* * * LOW HITPOINT WARNING * * *
Blink to where?
Press: ? - help, Dir - move target
As you read the scroll of blinking, it crumbles to dust.
Casting: Blink (safe; 1% risk of failure)
Confirm with . or Enter, or press ? or * to list all spells.
You feel quick.
The orb of fire glows red.
The fireball explodes!
The fireball engulfs you! You resist.
* * * LOW HITPOINT WARNING * * *
The orb of fire emits a lurid red light.
The fireball explodes!
The fireball engulfs you!! You resist.
You die...

#.§# #.§# ##.## #
#*.# # ######### #.*#
####.......## ##.##
##[.........## #..#
.............####..#
..............##@..#
...............#..##
................!.##
...................#
................#..##
######...(#######...#
# ###### ##..## #
##..### ##.#.#


You could see 2 orbs of fire.

Vanquished Creatures
  A dread lich (Vaults:5)
  Tiamat (Zot:1)
  Mara (Depths:1)
  An orb of fire (Zot:3)
  Bai Suzhen (Shoals:3)
  A Killer Klown (Zot:3)
  8 caustic shrikes
  A curse toe (Zot:3)
  Nikola (Spider:2)
  9 golden dragons
  A profane servitor (Abyss:3)
  An electric golem (Zot:1)
  14 tentacled monstrosities
  8 titans
  6 liches
  2 quicksilver dragons
  A kraken (Shoals:3)
  Kirke (Spider:2)
  11 sphinxes
  12 death cobs
  A tentacled starspawn (Abyss:3)
  An ancient champion (Vaults:3)
  Frances (D:12)
  7 storm dragons
  11 tengu reavers
  7 draconian monks
  13 shadow dragons
  Donald (Vaults:1)
  8 fire giants
  7 draconian knights
  2 deep elf sorcerers (Vaults:5)
  2 iron dragons (Depths:2)
  11 frost giants
  An orc warlord (Orc:1)
  A caustic shrike zombie (Depths:1)
  Louise (Spider:4)
  7 ghost moths
  6 draconian shifters
  4 draconian scorchers
  4 draconian stormcallers
  21 vault wardens
  11 emperor scorpions
  7 war gargoyles
  4 spriggan defenders (Depths:3)
  14 very ugly things
  A broodmother (Spider:4)
  An ophan (Abyss:3)
  6 ironbound preservers
  8 draconian annihilators
  10 green draconians
  A quicksilver ooze (shapeshifter) (Depths:4)
  2 deep elf annihilators (Vaults:5)
  22 stone giants
  A reaper (IceCv)
  2 vampire knights
  6 ironbound thunderhulks
  3 deep elf demonologists
  14 black draconians
  A minotaur (Shoals:4)
  Azrael (Orc:2)
  3 yellow draconians
  8 purple draconians
  18 red draconians
  11 spark wasps
  9 dire elephants
  21 white draconians
  11 entropy weavers
  A crystal guardian (Vaults:4)
  2 merfolk javelineers
  3 merfolk impalers
  11 ettins
  3 deep elf death magi
  4 fire dragons
  2 jiangshi (Depths:2)
  4 deep elf high priests
  2 ragged hierophants (Vaults:1)
  5 hydras
  4 spriggan air magi
  8 great orbs of eyes
  A rakshasa (Depths:1)
  2 boulder beetles
  15 yaktaur captains
  49 vault guards
  26 centaur warriors
  11 ironbound frosthearts
  6 merfolk avatars
  6 ice dragons
  4 peacekeepers
  A jorogumo (Spider:3)
  5 death yaks (Lair:5)
  2 merfolk aquamancers
  5 ogre magi
  A catoblepas (Lair:3)
  3 radroaches
  5 two-headed ogres
  3 tengu warriors
  18 deep troll shamans
  11 satyrs
  7 dancing weapons (Spider:3)
  10 deep troll earth magi
  5 spriggan berserkers
  3 orc high priests (Orc:2)
  2 vampire magi
  A titan zombie (Vaults:4)
  3 thrashing horrors (Abyss:3)
  A soul eater (Vaults:3)
  Sonja (D:12)
  12 hell knights
  3 spriggans (Depths:4)
  12 iron trolls
  3 wretched stars (Abyss:3)
  8 steelbarb worms
  A sun moth (Spider:3)
  21 sea snakes
  5 skeletal warriors (D:15)
  47 deep trolls
  5 pharaoh ants
  8 orb spiders
  A swamp dragon (Vaults:3)
  10 wizards
  A shadow demon (Abyss:3)
  4 flayed ghosts
  21 ironbound convokers
  25 harpies
  7 orc knights
  A deep elf archer (D:14)
  3 glowing orange brains
  4 lindwurms
  6 phantasmal warriors
  5 deep elf pyromancers
  8 necromancers
  7 orc sorcerers
  An oklob plant (Lair:2)
  13 wolf spiders
  16 manticores
  35 ugly things
  10 cyclopes
  11 fauns
  A worldbinder (Abyss:3)
  2 ice statues (IceCv)
  32 moths of wrath
  A stone giant zombie (Depths:1)
  16 elephants
  Maurice (D:9)
  3 black mambas
  16 vault sentinels
  6 water nymphs
  4 orange demons (D:13)
  5 torpor snails
  2 smoke demons (Abyss:3)
  2 gargoyles
  7 merfolk sirens
  2 rime drakes (D:13)
  3 unseen horrors
  8 cane toads
  17 komodo dragons
  11 demonic crawlers
  4 tengu conjurers
  39 yaktaurs
  7 ice devils (IceCv)
  2 anaconda simulacra (IceCv)
  An efreet (Volcano)
  2 freezing wraiths
  A komodo dragon (shapeshifter) (D:10)
  A hellwing (Abyss:3)
  A rime drake (shapeshifter) (D:13)
  2 human skeletons (Vaults:4)
  2 red devils (D:13)
  2 ancient zymes (Abyss:3)
  4 trolls
  6 meliai
  6 wind drakes
  21 merfolk
  2 polar bears
  2 saltlings (Vaults:1)
  9 blink frogs
  A merfolk (shapeshifter) (Vaults:5)
  A snapping turtle (shapeshifter) (Depths:4)
  42 tarantellas
  6 hornets
  A spriggan zombie (Depths:1)
  21 slime creatures
  9 snapping turtles
  A frost giant simulacrum (Depths:1)
  An ettin skeleton (Depths:1)
  2 shadows
  3 stone giant simulacra
  15 dream sheep
  2 centaur simulacra (D:14)
  A starcursed mass (Abyss:3)
  19 jumping spiders
  2 spriggan skeletons (Depths:1)
  27 culicivoras
  11 water elementals
  2 wraiths
  2 fire elementals (Volcano)
  A wyvern (Lair:3)
  2 fire bats (Abyss:3)
  3 hogs (Spider:2)
  3 basilisks
  42 yaks
  3 steam dragons
  A chaos spawn (Abyss:3)
  6 wargs
  A death yak simulacrum (IceCv)
  A redback (shapeshifter) (Vaults:3)
  65 redbacks
  2 harpy simulacra (IceCv)
  A swamp worm (shapeshifter) (Vaults:5)
  A human zombie (Vaults:4)
  5 large abominations (Abyss:3)
  4 acid dragons
  3 hell hounds (Orc:2)
  15 water moccasins
  Duvessa (D:6)
  Edmund (D:6)
  A glowing shapeshifter skeleton (Vaults:3)
  3 small abominations (Abyss:3)
  3 ice beasts
  33 orc warriors
  2 sky beasts (D:6)
  2 black bears
  9 ogres
  9 centaurs
  29 wolves
  2 kobold brigands
  A phantom (D:2)
  Blork the orc (D:6)
  9 bullfrogs
  2 cane toad simulacra (IceCv)
  2 two-headed ogre simulacra (IceCv)
  7 scorpions
  7 wights (D:8)
  Dowan (D:6)
  An elephant simulacrum (IceCv)
  An electric eel (Lair:4)
  A tengu skeleton (Depths:1)
  A howler monkey (D:9)
  3 jellies
  26 orc priests
  A gnoll bouda (D:7)
  5 hounds
  Ijyb (D:3)
  7 iguanas
  28 orc wizards
  A polar bear simulacrum (IceCv)
  2 troll simulacra (IceCv)
  A spriggan simulacrum (IceCv)
  3 gnolls (D:3)
  8 adders
  2 naga simulacra (IceCv)
  2 shadow imps
  9 white imps
  4 ufetubi
  A worm (D:2)
  A dart slug (D:3)
  80 orcs
  7 ball pythons
  5 bats
  3 endoplasms (D:1)
  6 giant cockroaches
  6 goblins
  10 hobgoblins
  5 jackals
  11 kobolds
  5 quokkas
  2 frilled lizards
  8 rats
  4 tentacles (Shoals:3)
1932 creatures vanquished.

Vanquished Creatures (others)
  A quicksilver dragon (Zot:2)
  2 draconian knights
  A tengu reaver (Vaults:5)
  A shadow (D:12)
  A water elemental (Shoals:1)
  A fire elemental (Orc:2)
  2 hell hounds (Orc:2)
  An ufetubus (IceCv)
  22 fungi
  83 plants
  4 starspawn tentacles (Abyss:3)
  12 tentacles (Shoals:3)
131 creatures vanquished.

Grand Total: 2063 creatures vanquished

Notes
Turn   | Place    | Note
-------+----------+-------------------------------------------
     0 | D:1      | greasedhog the Gnoll Hunter began the quest for the Orb.
     0 | D:1      | Reached XP level 1. HP: 20/20 MP: 1/1
   184 | D:1      | Reached XP level 2. HP: 26/26 MP: 2/2
   507 | D:1      | Reached XP level 3. HP: 31/31 MP: 3/3
   710 | D:1      | Reached skill level 1 in Invocations
  1093 | D:2      | Reached skill level 1 in Short Blades
  1093 | D:2      | Reached skill level 1 in Long Blades
  1093 | D:2      | Reached skill level 1 in Axes
  1093 | D:2      | Reached skill level 1 in Maces & Flails
  1093 | D:2      | Reached skill level 1 in Polearms
  1093 | D:2      | Reached skill level 1 in Staves
  1093 | D:2      | Reached skill level 1 in Throwing
  1093 | D:2      | Reached skill level 1 in Armour
  1093 | D:2      | Reached skill level 1 in Shields
  1093 | D:2      | Reached skill level 1 in Unarmed Combat
  1093 | D:2      | Reached skill level 1 in Spellcasting
  1093 | D:2      | Reached skill level 1 in Evocations
  1221 | D:2      | Reached XP level 4. HP: 38/38 MP: 5/5
  1223 | D:2      | Noticed a phantom
  1549 | D:2      | Reached skill level 1 in Conjurations
  1549 | D:2      | Reached skill level 1 in Hexes
  1549 | D:2      | Reached skill level 1 in Summonings
  1549 | D:2      | Reached skill level 1 in Necromancy
  1549 | D:2      | Reached skill level 1 in Translocations
  1549 | D:2      | Reached skill level 1 in Transmutations
  1549 | D:2      | Reached skill level 1 in Fire Magic
  1549 | D:2      | Reached skill level 1 in Ice Magic
  1549 | D:2      | Reached skill level 1 in Air Magic
  1549 | D:2      | Reached skill level 1 in Earth Magic
  1549 | D:2      | Reached skill level 1 in Poison Magic
  1707 | D:2      | Killed a phantom
  1708 | D:2      | Reached XP level 5. HP: 37/43 MP: 5/7
  2242 | D:3      | Found a transporter.
  2243 | D:3      | Noticed a phantom
  2243 | D:3      | Noticed a steam dragon
  2247 | D:3      | Found a transporter.
  2267 | D:3      | Found a snail-covered altar of Cheibriados.
  2336 | D:3      | Reached XP level 6. HP: 46/50 MP: 8/8
  2440 | D:3      | Noticed Ijyb
  2456 | D:3      | Killed Ijyb
  2457 | D:3      | Reached skill level 5 in Fighting
  2457 | D:3      | Reached skill level 5 in Dodging
  2945 | D:3      | Found a faded altar of an unknown god.
  3505 | D:4      | Identified a scroll of acquirement
  3506 | D:4      | Acquired the +0 pair of gloves of Nuyddawk {+Inv rPois
                  | Will+ Stlth-}
  3590 | D:4      | Found Cithes's Book Shop.
  3700 | D:4      | Found a basalt altar of Yredelemnul.
  3725 | D:4      | Found a hide-covered altar of Uskayaw.
  3779 | D:4      | Found an iron altar of Okawaru.
  3889 | D:4      | Became a worshipper of Warmaster Okawaru
  4068 | D:5      | Entered Level 5 of the Dungeon
  4079 | D:5      | Reached XP level 7. HP: 56/56 MP: 10/10
  4276 | D:5      | Found a shimmering altar of Xom.
  4533 | D:5      | Found a staircase to the Ecumenical Temple.
  4551 | Temple   | Entered the Ecumenical Temple
  4590 | D:5      | Found a white marble altar of Elyvilon.
  4706 | D:5      | Reached * piety under Okawaru
  5097 | D:6      | Reached XP level 8. HP: 62/63 MP: 9/12
  5238 | D:5      | Learned a level 3 spell: Portal Projectile
  5658 | D:5      | Learned a level 3 spell: Swiftness
  5712 | D:6      | Noticed Edmund
  5726 | D:6      | Killed Edmund
  6239 | D:6      | Noticed Duvessa
  6239 | D:6      | Noticed Dowan
  6256 | D:6      | Killed Dowan
  6256 | D:6      | Killed Duvessa
  6427 | D:6      | Reached XP level 9. HP: 69/69 MP: 14/14
  6558 | D:6      | Noticed Blork the orc
  6572 | D:6      | Killed Blork the orc
  6671 | D:6      | Reached ** piety under Okawaru
  6742 | D:6      | Reached skill level 5 in Stealth
  7266 | D:6      | Reached skill level 5 in Invocations
  7271 | D:7      | Noticed a hornet
  7285 | D:6      | Killed a hornet
  7824 | D:7      | Noticed a two-headed ogre
  8008 | D:7      | Killed a two-headed ogre
  8008 | D:7      | Reached *** piety under Okawaru
  8009 | D:7      | Reached skill level 5 in Short Blades
  8009 | D:7      | Reached skill level 5 in Long Blades
  8009 | D:7      | Reached skill level 5 in Axes
  8009 | D:7      | Reached skill level 5 in Maces & Flails
  8009 | D:7      | Reached skill level 5 in Polearms
  8009 | D:7      | Reached skill level 5 in Staves
  8009 | D:7      | Reached skill level 10 in Ranged Weapons
  8009 | D:7      | Reached skill level 5 in Throwing
  8009 | D:7      | Reached skill level 5 in Armour
  8009 | D:7      | Reached skill level 5 in Shields
  8009 | D:7      | Reached skill level 5 in Unarmed Combat
  8009 | D:7      | Reached skill level 5 in Spellcasting
  8009 | D:7      | Reached skill level 5 in Evocations
  8009 | D:7      | Reached XP level 10. HP: 79/79 MP: 17/17
  8098 | D:7      | Found a shimmering blue altar of Sif Muna.
  8330 | D:8      | Found a shadowy altar of Dithmenos.
  8438 | D:8      | Reached **** piety under Okawaru
  9366 | D:9      | Reached ***** piety under Okawaru
  9373 | D:9      | Received a gift from Okawaru
  9383 | D:9      | Reached skill level 5 in Conjurations
  9383 | D:9      | Reached skill level 5 in Hexes
  9383 | D:9      | Reached skill level 5 in Summonings
  9383 | D:9      | Reached skill level 5 in Necromancy
  9383 | D:9      | Reached skill level 5 in Translocations
  9383 | D:9      | Reached skill level 5 in Transmutations
  9383 | D:9      | Reached skill level 5 in Fire Magic
  9383 | D:9      | Reached skill level 5 in Ice Magic
  9383 | D:9      | Reached skill level 5 in Air Magic
  9383 | D:9      | Reached skill level 5 in Earth Magic
  9383 | D:9      | Reached skill level 5 in Poison Magic
  9387 | D:9      | Reached XP level 11. HP: 78/85 MP: 15/20
  9709 | D:9      | Found a staircase to the Lair.
  9972 | D:9      | Noticed Maurice
  9980 | D:9      | Killed Maurice
 10245 | D:9      | Received a gift from Okawaru
 10971 | D:10     | Entered Level 10 of the Dungeon
 11127 | D:10     | Noticed a purple ugly thing
 11143 | D:10     | Killed a purple ugly thing
 11242 | D:10     | Found a burning altar of Makhleb.
 11519 | D:10     | Identified the +2 battleaxe of the Apocalypse {freeze,
                  | *Noise rElec rN+ Dex+3}
 11549 | D:10     | Found an ornate altar of the Wu Jian Council.
 12046 | D:11     | Found Kuhon's Jewellery Boutique.
 12049 | D:11     | Bought an amulet of reflection for 450 gold pieces
 12077 | D:11     | Noticed a two-headed ogre
 12087 | D:11     | Killed a two-headed ogre
 12087 | D:11     | Received a gift from Okawaru
 12122 | D:11     | Noticed a manticore
 12137 | D:11     | Killed a manticore
 12175 | D:11     | Found Panats's Book Shop.
 12217 | D:11     | Noticed a boulder beetle
 12548 | D:10     | Killed a boulder beetle
 12562 | D:10     | a boulder beetle changed into a shapeshifter
 13293 | D:11     | Noticed a cyclops
 13299 | D:11     | Noticed a cyclops
 13315 | D:11     | Killed a cyclops
 13321 | D:11     | Killed a cyclops
 13495 | D:11     | Learned a level 2 spell: Blink
 13498 | D:11     | Learned a level 2 spell: Passwall
 13518 | D:11     | Got the Quarto of Combative Evil Mysteries
 13548 | D:11     | Found Tingugha's Weapon Emporium.
 13587 | D:11     | Found Juoxzog's Magic Scroll Boutique.
 13595 | D:11     | Bought a scroll of identify for 22 gold pieces
 13595 | D:11     | Bought a scroll of identify for 22 gold pieces
 13595 | D:11     | Bought a scroll of identify for 22 gold pieces
 13595 | D:11     | Bought a scroll of identify for 22 gold pieces
 13652 | D:11     | Found a glowing golden altar of the Shining One.
 13811 | D:12     | Found a staircase to the Orcish Mines.
 13842 | D:12     | Noticed a centaur warrior
 13851 | D:12     | Killed a centaur warrior
 13852 | D:12     | Reached XP level 12. HP: 74/94 MP: 22/22
 14669 | D:12     | Found Dowesuom's Antique Armour Shoppe.
 14672 | D:12     | Noticed Frances
 14703 | D:12     | Killed Frances
 14946 | D:12     | Found Ungehof's Distillery.
 14970 | D:12     | Bought a potion of curing for 42 gold pieces
 14995 | D:12     | Identified the +2 robe "Miqadifo" {Dex+7} (Okawaru gifted
                  | it to you on level 12 of the Dungeon)
 14995 | D:12     | Received a gift from Okawaru
 15246 | D:12     | Noticed Sonja
 15255 | D:12     | Killed Sonja
 15446 | Orc:1    | Entered Level 1 of the Orcish Mines
 15580 | Orc:1    | Noticed an orc warlord
 15630 | Orc:1    | Killed an orc warlord
 15819 | Orc:1    | Found Adoiroops's Jewellery Emporium.
 16299 | Orc:2    | Entered Level 2 of the Orcish Mines
 16838 | Orc:2    | Noticed Azrael
 16868 | Orc:2    | Killed Azrael
 17340 | Orc:2    | Found a staircase to the Elven Halls.
 17419 | Orc:2    | Reached XP level 13. HP: 74/101 MP: 25/25
 17420 | Orc:2    | Found Dirop's Antique Armour Shop.
 17727 | D:12     | Bought a pitted leather armour for 182 gold pieces
 17727 | D:12     | Identified the +1 leather armour of Yvigyt {Will+ Int+3}
                  | (You bought it in a shop on level 12 of the Dungeon)
 18558 | Orc:2    | Found Ropput's Antique Weapon Emporium.
 18568 | Orc:2    | Found Renaulad's General Store.
 18570 | Orc:2    | Found Teahuosch's Assorted Antiques.
 18580 | Orc:2    | Bought a scroll of identify for 62 gold pieces
 19351 | Lair:1   | Entered Level 1 of the Lair of Beasts
 19563 | Lair:1   | Received a gift from Okawaru
 19613 | Lair:1   | Received a gift from Okawaru
 19899 | Lair:1   | Found a dark tunnel.
 19952 | Volcano  | Entered a volcano
 20025 | Volcano  | Reached skill level 10 in Fighting
 20025 | Volcano  | Reached skill level 10 in Dodging
 20861 | Lair:2   | Found a hole to the Spider Nest.
 21766 | Lair:3   | Identified the +2 hat "Inkiod" {rF+ Dex+7 Slay+3} (Okawaru
                  | gifted it to you on level 3 of the Lair of Beasts)
 21766 | Lair:3   | Received a gift from Okawaru
 21847 | Lair:3   | Reached XP level 14. HP: 110/110 MP: 27/27
 21860 | Lair:3   | Reached skill level 10 in Invocations
 22005 | Lair:3   | Found a staircase to the Shoals.
 23004 | Lair:4   | Found a viscous altar of Jiyva.
 23004 | Lair:4   | Found a staircase to the Slime Pits.
 23300 | Lair:5   | Entered Level 5 of the Lair of Beasts
 23642 | Lair:4   | Learned a level 4 spell: Leda's Liquefaction
 24100 | Lair:5   | Received a gift from Okawaru
 24101 | Lair:5   | Reached skill level 10 in Stealth
 24412 | Lair:5   | Identified the +8 rapier of Owudos {freeze, SInv Stlth+}
 24429 | Lair:5   | Received a gift from Okawaru
 24436 | Lair:5   | Identified the +7 morningstar "Bung" {freeze, rC+}
 24438 | Lair:5   | Identified the +8 whip of Umaoddic {flame, Int+2 SInv}
 25105 | Lair:5   | Received a gift from Okawaru
 25113 | Lair:5   | Reached skill level 10 in Short Blades
 25113 | Lair:5   | Reached skill level 10 in Long Blades
 25113 | Lair:5   | Reached skill level 10 in Axes
 25113 | Lair:5   | Reached skill level 10 in Maces & Flails
 25113 | Lair:5   | Reached skill level 10 in Polearms
 25113 | Lair:5   | Reached skill level 10 in Staves
 25113 | Lair:5   | Reached skill level 10 in Throwing
 25113 | Lair:5   | Reached skill level 10 in Armour
 25113 | Lair:5   | Reached skill level 10 in Shields
 25113 | Lair:5   | Reached skill level 10 in Unarmed Combat
 25113 | Lair:5   | Reached skill level 10 in Spellcasting
 25113 | Lair:5   | Reached skill level 10 in Evocations
 25174 | Lair:5   | Reached XP level 15. HP: 118/118 MP: 29/29
 25521 | D:13     | Found a frozen archway.
 25607 | IceCv    | Entered an ice cave
 26346 | IceCv    | Identified the ring of the Zebra {rC+ MP+9 Int-2 Dex+4}
 26501 | IceCv    | Received a gift from Okawaru
 26885 | D:13     | Identified the +1 robe "Lucw" {Will+ Int+4} (Okawaru gifted
                  | it to you on level 13 of the Dungeon)
 26885 | D:13     | Received a gift from Okawaru
 28687 | D:14     | Found a gate to the Vaults.
 29036 | D:15     | Entered Level 15 of the Dungeon
 29312 | Arena    | Entered the Arena
 29581 | D:15     | Found a staircase to the Depths.
 29886 | D:15     | Identified the +1 ring mail of Dyspraxia {rPois rF+ rN+
                  | Str-2} (Okawaru gifted it to you on level 15 of the
                  | Dungeon)
 29886 | D:15     | Received a gift from Okawaru
 29939 | D:15     | Reached XP level 16. HP: 103/127 MP: 30/30
 30760 | Shoals:1 | Entered Level 1 of the Shoals
 32124 | Shoals:2 | Received a gift from Okawaru
 32516 | Shoals:2 | Received a gift from Okawaru
 33010 | Shoals:3 | Received a gift from Okawaru
 33197 | Shoals:3 | Reached ****** piety under Okawaru
 33275 | Shoals:3 | Noticed a kraken
 33296 | Shoals:3 | Killed a kraken
 33518 | Shoals:3 | Noticed Bai Suzhen
 33532 | Shoals:3 | Killed Bai Suzhen
 33552 | Shoals:3 | Identified the +0 robe of Defence {rC+} (Okawaru gifted it
                  | to you on level 3 of the Shoals)
 33552 | Shoals:3 | Received a gift from Okawaru
 33589 | Shoals:3 | Reached XP level 17. HP: 52/135 MP: 32/32
 34280 | Shoals:4 | Entered Level 4 of the Shoals
 34484 | Shoals:3 | Reached skill level 10 in Conjurations
 34484 | Shoals:3 | Reached skill level 10 in Hexes
 34484 | Shoals:3 | Reached skill level 10 in Summonings
 34484 | Shoals:3 | Reached skill level 10 in Necromancy
 34484 | Shoals:3 | Reached skill level 10 in Translocations
 34484 | Shoals:3 | Reached skill level 10 in Transmutations
 34484 | Shoals:3 | Reached skill level 10 in Fire Magic
 34484 | Shoals:3 | Reached skill level 10 in Ice Magic
 34484 | Shoals:3 | Reached skill level 10 in Air Magic
 34484 | Shoals:3 | Reached skill level 10 in Earth Magic
 34484 | Shoals:3 | Reached skill level 10 in Poison Magic
 35329 | Shoals:4 | Received a gift from Okawaru
 35481 | Shoals:4 | Received a gift from Okawaru
 35735 | Shoals:4 | Noticed a sphinx
 35743 | Shoals:4 | Killed a sphinx
 36001 | Shoals:4 | Got a barnacled rune of Zot
 36080 | Shoals:4 | Noticed a sphinx
 36093 | Shoals:4 | Killed a sphinx
 36190 | Shoals:4 | Noticed a sphinx
 36279 | Shoals:4 | Killed a sphinx
 36398 | Spider:1 | Entered Level 1 of the Spider Nest
 37649 | Spider:1 | Reached XP level 18. HP: 143/143 MP: 34/34
 37717 | Spider:2 | Noticed Nikola
 37725 | Spider:2 | Killed Nikola
 38124 | Spider:2 | Received a gift from Okawaru
 38200 | Spider:2 | Noticed Kirke
 38213 | Spider:2 | Killed Kirke
 38284 | Spider:2 | Reached skill level 15 in Ranged Weapons
 38290 | Spider:2 | Received a gift from Okawaru
 38556 | Spider:2 | Identified the +4 pair of boots of Awe {Rampage rElec rCorr
                  | Int-4}
 39332 | Spider:3 | Found a runed translucent door.
 39363 | Spider:3 | Received a gift from Okawaru
 40111 | Spider:3 | Received a gift from Okawaru
 41196 | Spider:3 | Received a gift from Okawaru
 41240 | Spider:3 | Identified the +2 hat "Ogrium" {rPois Str+2}
 41654 | Spider:4 | Entered Level 4 of the Spider Nest
 41654 | Spider:4 | Noticed Louise
 41669 | Abyss:3  | Cast into level 3 of the Abyss (Louise)
 41767 | Abyss:3  | Noticed a profane servitor
 41789 | Abyss:3  | Found a broken altar of Ashenzari.
 41795 | Abyss:3  | Got an abyssal rune of Zot
 41799 | Abyss:3  | Paralysed by accursed screaming for 2 turns
 41810 | Abyss:3  | Found a viscous altar of Jiyva.
 41836 | Spider:4 | Escaped the Abyss
 42772 | Spider:4 | Killed Louise
 44355 | Spider:4 | Reached XP level 19. HP: 151/151 MP: 36/36
 44371 | Spider:4 | Received a gift from Okawaru
 45316 | Spider:4 | Received a gift from Okawaru
 45876 | Spider:4 | Got a gossamer rune of Zot
 46231 | Vaults:1 | Entered Level 1 of the Vaults
 46326 | Vaults:1 | Received a gift from Okawaru
 46893 | Vaults:1 | Identified the +1 chain mail of the Damp God {Fly Str+6
                  | Int-4 Stlth+} (Okawaru gifted it to you on level 1 of the
                  | Vaults)
 46893 | Vaults:1 | Received a gift from Okawaru
 46914 | Vaults:1 | Noticed Donald
 46925 | Vaults:1 | Killed Donald
 47280 | Vaults:1 | Identified the +4 hand axe "Duhatt" {elec, rElec Will+
                  | Str+2}
 47601 | Vaults:1 | You fall into a shaft and drop 1 floor!
 47601 | Vaults:2 | Found Vebukis's Book Shop.
 47961 | D:11     | Bought the ring of Makhleb's Generosity {rF++ Slay+4} for
                  | 1525 gold pieces
 48772 | Vaults:2 | Reached skill level 15 in Invocations
 48979 | Arena    | Entered the Arena
 48984 | Arena    | Received a gift from Okawaru
 49169 | Vaults:2 | Reached XP level 20. HP: 137/160 MP: 37/37
 49222 | Vaults:2 | Received a gift from Okawaru
 49706 | Vaults:2 | Received a gift from Okawaru
 49745 | Vaults:2 | Identified the +5 chain mail of Snakes and Ladders {+Inv
                  | Fly Int-5}
 50128 | Vaults:3 | Found Sieryc's Weapon Boutique.
 50629 | Vaults:3 | Received a gift from Okawaru
 50801 | Vaults:3 | Found a staircase to the Crypt.
 50875 | Vaults:3 | Found Tautt's Assorted Antiques.
 51219 | Vaults:3 | Reached skill level 15 in Fighting
 51219 | Vaults:3 | Reached skill level 15 in Dodging
 51768 | Vaults:3 | Identified the +0 ring mail "Cung" {*Corrode +Inv Stlth+}
                  | (Okawaru gifted it to you on level 3 of the Vaults)
 51768 | Vaults:3 | Received a gift from Okawaru
 51839 | Arena    | Entered the Arena
 51859 | Arena    | Entered the Arena
 52230 | Vaults:3 | Reached XP level 21. HP: 168/168 MP: 39/39
 53377 | Vaults:4 | Reached skill level 15 in Stealth
 54329 | Vaults:4 | Identified the +0 ring mail of Cedyliz {Str+4 Int+3 Stlth+}
                  | (Okawaru gifted it to you on level 4 of the Vaults)
 54329 | Vaults:4 | Received a gift from Okawaru
 54335 | Vaults:4 | Found a runed translucent door.
 54335 | Vaults:4 | Found a shimmering altar of Xom.
 54335 | Vaults:4 | Noticed Tang's ghost (master DsGl)
 54495 | Vaults:4 | Reached skill level 15 in Short Blades
 54495 | Vaults:4 | Reached skill level 15 in Long Blades
 54495 | Vaults:4 | Reached skill level 15 in Axes
 54495 | Vaults:4 | Reached skill level 15 in Maces & Flails
 54495 | Vaults:4 | Reached skill level 15 in Polearms
 54495 | Vaults:4 | Reached skill level 15 in Staves
 54495 | Vaults:4 | Reached skill level 15 in Throwing
 54495 | Vaults:4 | Reached skill level 15 in Armour
 54495 | Vaults:4 | Reached skill level 15 in Shields
 54495 | Vaults:4 | Reached skill level 15 in Unarmed Combat
 54495 | Vaults:4 | Reached skill level 15 in Spellcasting
 54495 | Vaults:4 | Reached skill level 15 in Evocations
 55253 | Depths:1 | Entered Level 1 of the Depths
 55280 | Depths:1 | Noticed Mara
 55288 | Depths:1 | Noticed greasedhog's illusion
 55291 | Depths:1 | Killed Mara
 55404 | Depths:1 | Found a gateway to Hell.
 55639 | Depths:1 | Reached XP level 22. HP: 157/177 MP: 41/41
 55648 | Depths:1 | Received a gift from Okawaru
 55659 | Arena    | Entered the Arena
 55967 | Depths:1 | Identified the +9 battleaxe "Beetleslayer" {venom, rPois}
 56470 | Depths:1 | Found a stormy altar of Qazlal.
 56743 | Depths:2 | Paralysed by a sphinx for 5 turns
 56762 | Depths:2 | Received a gift from Okawaru
 56932 | Depths:2 | Identified the +1 pair of gloves of the Invisible Hand
                  | {rElec rN+ Stlth+} (Okawaru gifted it to you on level 2 of
                  | the Depths)
 56932 | Depths:2 | Received a gift from Okawaru
 56960 | Depths:2 | Got Vehumet's Grimoire of Attacks
 56967 | Depths:2 | Identified the +4 morningstar "Qeibyreu" {venom, rPois
                  | Str+3}
 57032 | Depths:2 | Paralysed by a vampire knight for 4 turns
 57103 | Depths:2 | Got the Omnibus of Enthralling Flames
 57329 | Depths:2 | Noticed a caustic shrike
 57334 | Depths:2 | Killed a caustic shrike
 58164 | Depths:2 | You fall into a shaft and drop 1 floor!
 58223 | Depths:3 | Found a one-way gate to the infinite horrors of the Abyss.
 58254 | Depths:3 | Found a flickering gateway to a bazaar.
 58263 | Bazaar   | Entered a bazaar
 58264 | Bazaar   | Found Asurota's General Store.
 58264 | Bazaar   | Found Viheup's General Store.
 58265 | Bazaar   | Found Bogageisu's Antique Armour Emporium.
 58271 | Bazaar   | Bought a potion of curing for 45 gold pieces
 58271 | Bazaar   | Bought a potion of curing for 45 gold pieces
 58282 | Bazaar   | Bought a smouldering helmet for 237 gold pieces
 58282 | Bazaar   | Identified the +0 helmet of Ennui {rCorr Int+4} (You bought
                  | it in a shop in a bazaar)
 58282 | Bazaar   | Bought an ancient helmet for 237 gold pieces
 58282 | Bazaar   | Identified the +1 helmet of Proximity {*Slow Will+++ Str+4}
                  | (You bought it in a shop in a bazaar)
 58296 | Bazaar   | Found Etef's Weapon Emporium.
 58368 | Depths:2 | Found a one-way gate leading to the halls of Pandemonium.
 58430 | Depths:2 | Found a one-way gateway to a ziggurat.
 58708 | Depths:2 | Reached XP level 23. HP: 177/185 MP: 42/42
 58712 | Depths:2 | Found a runed translucent door.
 58715 | Depths:2 | Found a radiant altar of Vehumet.
 58717 | Depths:2 | Noticed an ancient lich
 59019 | Depths:3 | Found an iron altar of Okawaru.
 59103 | Depths:3 | Received a gift from Okawaru
 59133 | Abyss:3  | Cast into level 3 of the Abyss (a wizard)
 59330 | Depths:3 | Escaped the Abyss
 59716 | Depths:3 | Identified the +4 great mace of the Bright God {drain,
                  | Dex+4}
 59973 | Depths:4 | Entered Level 4 of the Depths
 59973 | Depths:4 | Noticed a golden dragon
 59990 | Depths:3 | Killed a golden dragon
 60121 | Depths:4 | Noticed a golden dragon
 60357 | Depths:4 | Killed a golden dragon
 60407 | Depths:3 | Received a gift from Okawaru
 60522 | Depths:4 | Noticed a caustic shrike
 60524 | Depths:4 | Noticed a caustic shrike
 60526 | Depths:4 | Noticed a caustic shrike
 60528 | Arena    | Entered the Arena
 60538 | Arena    | Killed a caustic shrike
 60556 | Arena    | Entered the Arena
 60560 | Arena    | Killed a caustic shrike
 60571 | Depths:4 | Killed a caustic shrike
 60637 | Depths:4 | Found a gate to the Realm of Zot.
 60649 | Depths:4 | Noticed a caustic shrike
 60651 | Depths:4 | Noticed a caustic shrike
 60656 | Depths:4 | Noticed a caustic shrike
 60656 | Depths:4 | Noticed a caustic shrike
 60927 | Depths:4 | Killed a caustic shrike
 60929 | Depths:4 | Killed a caustic shrike
 60933 | Depths:4 | Killed a caustic shrike
 60933 | Depths:4 | Received a gift from Okawaru
 61025 | Depths:4 | Noticed a golden dragon
 61139 | Depths:4 | Killed a caustic shrike
 61276 | Depths:4 | Found Beivolat's Book Boutique.
 62051 | Vaults:5 | Entered Level 5 of the Vaults
 62074 | Vaults:5 | Received a gift from Okawaru
 62076 | Vaults:5 | Reached XP level 24. HP: 120/195 MP: 39/43
 62085 | Vaults:5 | Received a gift from Okawaru
 62187 | Vaults:5 | Received a gift from Okawaru
 62226 | Vaults:5 | Noticed a dread lich
 62229 | Vaults:5 | Killed a dread lich
 62994 | Vaults:5 | Identified the +1 chain mail of the Spheres {MP-9 Str+3
                  | Int+8}
 63038 | Vaults:5 | Found the +0 pair of fencer's gloves {Riposte Dex+3}
 63065 | Vaults:5 | Acquired 1024 gold pieces
 63268 | Vaults:5 | Received a gift from Okawaru
 63307 | Vaults:5 | Acquired 863 gold pieces
 63639 | Vaults:5 | Received a gift from Okawaru
 63743 | Vaults:5 | Identified the +1 chain mail "Otit" {rPois Str+3 Slay+5}
 63858 | Vaults:5 | Got a silver rune of Zot
 63908 | Vaults:5 | Identified the +0 robe of Relativism {rElec Regen+ Int-2
                  | Dex+7}
 64379 | Zot:1    | Entered Level 1 of the Realm of Zot
 64667 | Zot:1    | Received a gift from Okawaru
 64668 | Zot:1    | Reached XP level 25. HP: 79/203 MP: 36/44
 65510 | Zot:1    | Found the +4 dragonskin cloak
 65510 | Zot:1    | Noticed Tiamat
 65588 | Zot:1    | Killed Tiamat
 65599 | Zot:1    | Received a gift from Okawaru
 66166 | Zot:1    | Received a gift from Okawaru
 66453 | Zot:1    | Reached skill level 15 in Conjurations
 66453 | Zot:1    | Reached skill level 15 in Hexes
 66453 | Zot:1    | Reached skill level 15 in Summonings
 66453 | Zot:1    | Reached skill level 15 in Necromancy
 66453 | Zot:1    | Reached skill level 15 in Translocations
 66453 | Zot:1    | Reached skill level 15 in Transmutations
 66453 | Zot:1    | Reached skill level 15 in Fire Magic
 66453 | Zot:1    | Reached skill level 15 in Ice Magic
 66453 | Zot:1    | Reached skill level 15 in Air Magic
 66453 | Zot:1    | Reached skill level 15 in Earth Magic
 66453 | Zot:1    | Reached skill level 15 in Poison Magic
 66952 | Zot:2    | Received a gift from Okawaru
 67864 | Zot:3    | Found a huge runed gate.
 67864 | Zot:3    | Found a huge runed gate.
 67864 | Zot:3    | Found a huge runed gate.
 67865 | Zot:3    | Found a huge runed gate.
 67865 | Zot:3    | Found a huge runed gate.
 67865 | Zot:3    | Found a huge runed gate.
 67866 | Zot:3    | Found a huge runed gate.
 67866 | Zot:3    | Found a huge runed gate.
 67867 | Zot:3    | Found a huge runed gate.
 67868 | Zot:3    | Found a huge runed gate.
 67877 | Zot:3    | Found a huge runed gate.
 67877 | Zot:3    | Found a huge runed gate.
 67877 | Zot:3    | Found a huge runed gate.
 67877 | Zot:3    | Found a huge runed gate.
 67877 | Zot:3    | Found a huge runed gate.
 67911 | Zot:3    | Noticed an orb of fire
 67915 | Zot:3    | Gained mutation: You are partially covered in large bone
                  | plates. (SH +4) [an orb of fire]
 67916 | Zot:3    | Gained mutation: Your magical capacity is low. (-10% MP)
                  | [an orb of fire]
 67916 | Zot:3    | Gained mutation: You sometimes lose your temper in combat.
                  | [an orb of fire]
 67918 | Zot:3    | Killed an orb of fire
 67919 | Zot:3    | Reached XP level 26. HP: 213/213 MP: 40/40
 68198 | Zot:3    | Identified the +1 kite shield of Words of Power {Harm}
                  | (Okawaru gifted it to you on level 3 of the Realm of Zot)
 68198 | Zot:3    | Received a gift from Okawaru
 68461 | Zot:3    | Found a huge runed gate.
 68461 | Zot:3    | Found a huge runed gate.
 68462 | Zot:3    | Found a huge runed gate.
 68462 | Zot:3    | Found a huge runed gate.
 68463 | Zot:3    | Found a huge runed gate.
 68463 | Zot:3    | Found a huge runed gate.
 68464 | Zot:3    | Found a huge runed gate.
 68464 | Zot:3    | Found a huge runed gate.
 68473 | Zot:3    | Found a huge runed gate.
 68473 | Zot:3    | Found a huge runed gate.
 68476 | Zot:3    | Found a huge runed gate.
 68476 | Zot:3    | Found a huge runed gate.
 68476 | Zot:3    | Found a huge runed gate.
 68476 | Zot:3    | Found a huge runed gate.
 68476 | Zot:3    | Found a huge runed gate.
 68477 | Zot:3    | Found a huge runed gate.
 68478 | Zot:3    | Found a huge runed gate.
 68634 | Zot:3    | Found a huge runed gate.
 68635 | Zot:3    | Found a huge runed gate.
 68636 | Zot:3    | Found a huge runed gate.
 68637 | Zot:3    | Found a huge runed gate.
 68788 | Zot:3    | Noticed an orb of fire
 68788 | Zot:3    | Noticed an orb of fire
 68788 | Zot:3    | Noticed a Killer Klown
 68790 | Zot:3    | Noticed a dread lich
 68792 | Zot:3    | Noticed an ancient lich
 68854 | Zot:3    | Killed a Killer Klown
 68864 | Zot:3    | Gained mutation: You are dopey. (Int -2) [an orb of fire]
 68864 | Zot:3    | Gained mutation: You occasionally shout uncontrollably at
                  | your foes. [an orb of fire]
 68865 | Zot:3    | Gained mutation: You do not regenerate when monsters are
                  | visible. [an orb of fire]
 68869 | Zot:3    | Gained mutation: You are clumsy. (Dex -2) [an orb of fire]
 68875 | Zot:2    | Gained mutation: Your body sometimes deteriorates upon
                  | taking damage. [an orb of fire]
 68879 | Zot:2    | Gained mutation: Armour fits poorly on your strangely
                  | shaped body. [an orb of fire]
 68887 | Zot:2    | Gained mutation: You are frail. (-10% HP) [an orb of fire]
 68892 | Zot:2    | HP: 6/191 [orb of fire/fireball (18)]
 68896 | Zot:2    | Killed from afar by an orb of fire

Illustrated notes

Levels and vault maps discovered:
D:1:      sevenhm_arrival_forest_fort_small_3, layout_basic, nrook_uturn,
          minmay_misc_feat_iff
D:2:      minmay_diamond_boxcup, layout_rooms
D:3:      layout_basic, gammafunk_temple_overflow_arena,
          shapermc_ecumenical_altar_ellora, uniq_ijyb
D:4:      layout_basic, mainiacjoe_overflow_alcove_4, mainiacjoe_overflow_paths,
          nicolae_uskayaw_suspiria, serial_shops, nicolae_stop_n_shop_2
D:5:      layout_basic, elyvilon_altar_4, old_standard_altar, temple_pool_b,
          kennysheep_pointless_box, minmay_fractal_squares_gapless_5
D:6:      layout_basic, uniq_blork_the_orc, uniq_duvessa, uniq_edmund
D:7:      layout_rooms, tgw_sif, minmay_checkerbox
D:8:      layout_basic, nicolae_dithmenos_shadow_blocks, mrwooster_statue_mirror
D:9:      layout_layer_cave, lair_entry_dummy, uniq_maurice
D:10:     layout_stronghold, kennysheep_mini, mainiacjoe_overflow_24_doors
D:11:     layout_cave_pools, serial_shops, nicolae_shop_waterfront,
          nicolae_stop_n_shop_2, nicolae_shop_bloodbath_and_beyond,
          shop_fountains, tso_altar
D:12:     layout_loops_ring, orc_0_dummy, serial_shops, shop_coins,
          nicolae_shop_advertising_works [nicolae_subvault_shop_adworks],
          drop_trap, uniq_sonja, uniq_frances
D:13:     layout_long_grid, portal_ice_cave_rime, minmay_beelzebubs_servants
D:14:     layout_irregular_city, grunt_vaults_entry_fortified,
          roderic_malta_cross
D:15:     hangedman_depths_entry_try_elsewhere_first, layout_stronghold,
          hangedman_abyss_or_decor_passed
Temple:   hc_temple_tempest_star
Lair:1:   layout_regular_city, nicolae_volcano_entry_vermiform,
          serial_bayou_shore_a, grunt_megastairs_3
Lair:2:   layout_small_grid, spider_nest_entry_rubble
Lair:3:   layout_loops_ring, elwin_shoals_entry_rocks, beast_lair_carwin_6
Lair:4:   layout_hall_layers, dpeg_slime_entry_enclosed, serial_bayou_lake_a
Lair:5:   gammafunk_lair_ancient_temple, layout_layer_cave,
          chequers_serial_rivers_marsh, grunt_forest_large_clearings,
          lemuel_fruit_tree
Shoals:1: layout_shoals, nicolae_shoals_loop_pool
Shoals:2: layout_shoals
Shoals:3: layout_shoals, uniq_bai_suzhen
Shoals:4: shoals_end_hellmonk_lost_city, serial_shops
Spider:1: layout_spider_delve
Spider:2: layout_cave_pods, uniq_kirke, uniq_nikola
Spider:3: cheibrodos_spider_deadly_dance
Spider:4: grunt_spider_rune_circles, nicolae_spider_claw_tunnel, uniq_louise
Orc:1:    layout_diamond_mine, serial_shops, shop, minmay_orc_temple_b
Orc:2:    st_orc_elflike, layout_caves, uniq_azrael
Vaults:1: portal_desolation_entry_salt, ontoclasm_vaults_gallery,
          hangedman_vaults_snaps, hangedman_vaults_trim, hangedman_vaults_slice,
          ontoclasm_vaults_ring_square, nicolae_vaults_alarming,
          layout_vaults_omnigrid, uniq_donald
Vaults:2: ontoclasm_vaults_ligature, grunt_vaults_twisty,
          grunt_vaults_hallway_short, v_misc_18, grunt_vaults_hallway_long,
          ontoclasm_vaults_ring_small, v_misc_31, nicolae_vaults_c_with_doors,
          v_misc_4, v_misc_1, nicolae_vaults_network_s, vaults_room_ringed_pool,
          v_misc_15, vaults_room_pool, ontoclasm_vaults_pinch,
          layout_vaults_maze_bifur, serial_shops, shop
Vaults:3: st_greater_box_1, nicolae_vaults_network_quincunx
          [nicolae_vaults_network_quincunx_subvault,
          nicolae_vaults_network_quincunx_subvault,
          nicolae_vaults_network_quincunx_subvault,
          nicolae_vaults_network_quincunx_subvault,
          nicolae_vaults_network_quincunx_subvault], hangedman_vaults_impose,
          hangedman_vaults_stretched_pinwheel, vaults_room_corners, v_misc_8,
          nicolae_vaults_circle_grid_b, v_misc_5,
          minmay_crypt_entry_simple_statues, nicolae_vaults_little_squares_1,
          v_misc_24, vaults_room_grid, vaults_room_grid, vaults_room_fours,
          hangedman_vaults_slice, vaults_dpeg_emergency_exit,
          layout_vaults_omnicross, serial_shops, shop_fountains, shop
Vaults:4: ebering_ghost_xom, hangedman_vaults_stream, st_quartered_hall,
          dpeg_vaults_monster_box, ontoclasm_vaults_twist,
          ontoclasm_vaults_ring_square, hangedman_vaults_trim,
          hangedman_vaults_corner, v_misc_8, nicolae_vaults_twisting_passages,
          v_misc_24, hangedman_vaults_restitches,
          nicolae_vaults_little_squares_5, layout_vaults_omnibox
Vaults:5: serial_shops
Depths:1: minmay_cut_squares, layout_basic, grunt_metal_band,
          hangedman_abyss_or_decor_slice, nicolae_qazlal_style_of_elements,
          roderic_lattice_octagonal_star, uniq_mara
Depths:2: hangedman_arch_fort, layout_basic, enter_ziggurat_a, hell_entry,
          grunt_pan_entry_spiral, kennysheep_cluttered_room,
          grunt_absolute_annihilation
Depths:3: lemuel_troll_bridge, layout_long_grid, serial_shops, bzr_firewalk,
          hell_entry, abyss_entry, okawaru_ov_weapons_minmay,
          kennysheep_four_rooms
Depths:4: grunt_zot_entry_funnels, layout_cave_pools, serial_shops,
          nicolae_shop_behind_doors, hell_entry
Zot:1:    layout_concentric_octagons, grunt_ministairs_14, uniq_tiamat
Zot:2:    layout_cathedral_of_symmetry, zot_minivault_5, lemuel_elevator
Zot:3:    layout_misc_corridors, nicolae_lava_and_water, st_stairs_12,
          door_vault, grunt_megastairs_4

Skill      XL: |  1  2  3  4  5  6  7  8  9 10 11 12 13 14 15 16 17 18 19 20 21 22 23 24 25 26 |
---------------+-------------------------------------------------------------------------------+-----
Invocations    | 1 2 3 4 5 6 7 8 9 10 11 12 13 14 15 16 17 18 19 | 19.5
Short Blades   | 1 2 3 5 6 7 8 9 10 11 12 13 14 15 16 17 18 | 18.1
Long Blades    | 1 2 3 5 6 7 8 9 10 11 12 13 14 15 16 17 18 | 18.1
Axes           | 1 2 3 5 6 7 8 9 10 11 12 13 14 15 16 17 18 | 18.1
Maces & Flails | 1 2 3 5 6 7 8 9 10 11 12 13 14 15 16 17 18 | 18.1
Polearms       | 1 2 3 5 6 7 8 9 10 11 12 13 14 15 16 17 18 | 18.1
Staves         | 1 2 3 5 6 7 8 9 10 11 12 13 14 15 16 17 18 | 18.1
Throwing       | 1 2 3 5 6 7 8 9 10 11 12 13 14 15 16 17 18 | 18.1
Armour         | 1 2 3 5 6 7 8 9 10 11 12 13 14 15 16 17 18 | 18.1
Shields        | 1 2 3 5 6 7 8 9 10 11 12 13 14 15 16 17 18 | 18.1
Unarmed Combat | 1 2 3 5 6 7 8 9 10 11 12 13 14 15 16 17 18 | 18.1
Spellcasting   | 1 2 3 5 6 7 8 9 10 11 12 13 14 15 16 17 18 | 18.1
Evocations     | 1 2 3 5 6 7 8 9 10 11 12 13 14 15 16 17 18 | 18.1
Conjurations   | 1 2 3 4 5 6 7 8 9 10 11 12 13 14 15 | 15.4
Hexes          | 1 2 3 4 5 6 7 8 9 10 11 12 13 14 15 | 15.4
Summonings     | 1 2 3 4 5 6 7 8 9 10 11 12 13 14 15 | 15.4
Necromancy     | 1 2 3 4 5 6 7 8 9 10 11 12 13 14 15 | 15.4
Translocations | 1 2 3 4 5 6 7 8 9 10 11 12 13 14 15 | 15.4
Transmutations | 1 2 3 4 5 6 7 8 9 10 11 12 13 14 15 | 15.4
Fire Magic     | 1 2 3 4 5 6 7 8 9 10 11 12 13 14 15 | 15.4
Ice Magic      | 1 2 3 4 5 6 7 8 9 10 11 12 13 14 15 | 15.4
Air Magic      | 1 2 3 4 5 6 7 8 9 10 11 12 13 14 15 | 15.4
Earth Magic    | 1 2 3 4 5 6 7 8 9 10 11 12 13 14 15 | 15.4
Poison Magic   | 1 2 3 4 5 6 7 8 9 10 11 12 13 14 15 | 15.4
Stealth        | 3 4 5 6 7 8 9 10 11 12 13 14 15 16 17 18 | 18.2
Fighting       | 5 6 7 8 9 10 11 12 13 14 15 16 17 18 | 18.6
Dodging        | 5 6 7 8 9 10 11 12 13 14 15 16 17 18 | 18.6
Ranged Weapons | 9 10 11 12 13 14 15 16 17 18 19 | 19.6

Action                   |  1- 3 |  4- 6 |  7- 9 | 10-12 | 13-15 | 16-18 | 19-21 | 22-24 | 25-27 || total
-------------------------+-------+-------+-------+-------+-------+-------+-------+-------+-------++-------
Melee: Rapier            |       |       |       |       |       |    12 |       |       |       ||    12
       Great sword       |       |       |       |       |       |    11 |       |       |       ||    11
       Double sword      |       |       |       |       |       |       |     2 |       |     8 ||    10
       Bite              |       |       |       |       |       |       |     1 |       |     9 ||    10
       Hand axe          |       |       |       |       |       |       |       |       |    44 ||    44
 Fire: Shortbow          |    96 |   198 |   387 |   770 |       |       |       |       |       ||  1451
       Arbalest          |       |       |       |    86 |   637 |       |       |       |       ||   723
       Hand crossbow     |       |       |       |       |   361 |  1255 |  1305 |  1198 |   551 ||  4670
Throw: Javelin           |       |       |       |       |       |       |       |       |     2 ||     2
 Cast: Portal Projectile |       |       |     1 |     3 |    11 |    12 |    12 |     8 |     4 ||    51
       Blink             |       |       |       |     2 |     6 |     1 |     6 |    14 |     4 ||    33
       Swiftness         |       |       |       |     1 |     4 |     2 |     5 |     2 |     3 ||    17
       Leda's Liquefacti |       |       |       |       |     6 |     3 |       |       |     4 ||    13
Invok: Heroism           |       |       |    13 |    13 |    12 |    19 |    18 |    13 |     5 ||    93
       Finesse           |       |       |       |     6 |     5 |     9 |    10 |    10 |     5 ||    45
       Duel              |       |       |       |       |     1 |       |     3 |     3 |       ||     7
 Abil: Evoke Invisibilit |       |       |       |     1 |       |     1 |       |       |       ||     2
Evoke: Wand              |       |       |     8 |    29 |       |       |     3 |       |     7 ||    47
       Condenser vane    |       |       |       |       |       |       |       |     2 |     2 ||     4
       Lightning rod     |       |       |       |       |       |       |       |       |     3 ||     3
  Use: Scroll            |     2 |     4 |     9 |    12 |    11 |    12 |     4 |    16 |     6 ||    76
       Potion            |       |     2 |       |     7 |       |     8 |     1 |    11 |     9 ||    38
Armor: Leather armour    |    11 |    18 |       |       |   275 |   216 |    85 |       |       ||   605
       Scale mail        |       |    29 |   191 |       |       |       |       |       |       ||   220
       Ring mail         |       |       |       |   176 |     2 |       |       |       |       ||   178
       Storm dragon scal |       |       |       |       |       |     9 |       |       |       ||     9
       Troll leather arm |       |       |       |       |       |       |    79 |   142 |    51 ||   272
Dodge: Dodged            |    22 |    83 |   210 |   318 |   632 |  1076 |   837 |   771 |   346 ||  4295
Block: Other             |       |       |       |    60 |   162 |   201 |   173 |    24 |       ||   620
       Reflection        |       |       |       |     2 |     6 |     8 |    22 |    18 |     8 ||    64
       Buckler           |       |       |       |       |       |       |       |   488 |   229 ||   717
